Map: Récif abyssal EC

Players

Naffy - Winner!

  • Race: Terran Terran
  • League: Grandmaster
  • Spawn Location: 5:00

AVV

  • Race: Terran Terran
  • League: Master
  • Spawn Location: 11:00

VOD

Have the link to the VOD?

Description

Time

  • Played on: May 21, 2017, 3:16 p.m.
  • Length: 13:39
Show
View Real Time Build Order
Export as new Build Order

Naffy Terran - Winner!

Build Orders:  

Get SALT Encoding   

  12  0:00  SCV  
  13  0:12  SCV  
  14  0:17  Supply Depot  
  14  0:25  SCV  
  15  0:29  Refinery  
  15  0:38  SCV  
  16  0:45  Barracks  
  16  0:51  SCV  
  17  1:03  SCV  
  18  1:15  SCV  
  19  1:32  Orbital Command, Reaper  
  20  1:47  Command Center  
  20  1:58  Factory  
  20  2:01  SCV  
  21  2:07  Barracks Reactor  
  21  2:11  Refinery  
  21  2:13  SCV  
  22  2:20  Supply Depot  
  22  2:25  SCV  
  23  2:38  Bunker  
  23  2:41  SCV  
  24  2:44  Marine  
  24  2:45  Hellion, Marine  
  28  2:54  Starport  
  28  2:56  SCV  
  29  3:04  Orbital Command  
  29  3:20  SCV  
  29  3:25  Cyclone  
  33  3:31  SCV  
  33  3:33  Viking, SCV  
  37  3:38  Marine  
  38  3:43  SCV, Supply Depot  
  38  3:45  SCV  
  40  3:55  SCV  
  41  3:57  SCV  
  42  4:05  Barracks Tech Lab  
  42  4:07  SCV  
  42  4:08  Cyclone  
  42  4:09  SCV  
  50  4:12  Supply Depot  
  50  4:18  Hellion  
  50  4:19  SCV  
  50  4:21  SCV  
  51  4:28  Raven  
  53  4:32  Command Center  
  53  4:35  SCV x2  
  52  4:47  SCV x2  
  53  4:57  Cyclone x2  
  53  4:59  SCV x2  
  59  5:11  SCV  
  42  5:14  SCV  
  36  5:21  Marine  
  36  5:23  SCV  
  36  5:24  Viking  
  36  5:26  SCV  
  39  5:36  SCV  
  39  5:42  Cyclone  
  43  5:43  Hellion, SCV  
  36  5:58  SCV x2  
  36  5:59  Orbital Command  
  36  6:13  Raven  
  36  6:14  Hellion  
  36  6:15  Hellion, SCV  
  36  6:16  SCV  
  44  6:28  SCV  
  44  6:29  SCV  
  46  6:36  Cyclone, Hellion  
  46  6:37  Orbital Command  
  51  6:40  SCV  
  51  6:41  SCV  
  53  6:53  SCV x2  
  55  6:57  Hellion  
  57  7:05  SCV x2  
  57  7:07  SCV  
  57  7:08  Cyclone  
  63  7:17  SCV x2  
  63  7:19  Hellion, SCV  
  68  7:29  Supply Depot, SCV x2  
  70  7:31  SCV  
  70  7:33  Factory  
  71  7:40  Cyclone, Hellion  
  71  7:41  SCV  
  77  7:51  Supply Depot, SCV x2  
  79  7:53  Viking, SCV, Supply Depot  
  82  8:02  Hellion  
  82  8:03  SCV x2  
  82  8:05  SCV  
  70  8:15  SCV x2  
  70  8:17  SCV  
  66  8:23  Viking  
  66  8:27  SCV x2  
  66  8:29  SCV  
  65  8:39  SCV x2  
  65  8:41  SCV  
  65  8:44  Factory  
  65  8:46  Refinery x2  
  66  8:51  Engineering Bay, Siege Tank, SCV x2  
  66  8:52  Hellion x2  
  66  8:54  Starport Reactor, SCV  
  76  9:03  SCV  
  76  9:04  SCV  
  76  9:06  SCV  
  76  9:07  Supply Depot  
  79  9:15  SCV  
  79  9:17  Refinery x2, SCV  
  81  9:18  SCV  
  81  9:27  SCV  
  81  9:29  SCV  
  81  9:30  SCV  
  81  9:36  Missile Turret  
  78  9:38  Missile Turret  
  78  9:39  SCV, Missile Turret  
  78  9:40  Factory Tech Lab, Siege Tank  
  78  9:41  Viking x2, Hellion x2, SCV  
  78  9:42  SCV  
  78  9:43  Supply Depot  
  78  9:45  Supply Depot  
  92  9:52  SCV  
  92  9:53  SCV  
  92  9:54  SCV  
  94  10:04  SCV  
  94  10:05  SCV  
  94  10:06  SCV  
  97  10:07  Hellion, Siege Tank  
  97  10:08  Hellion  
  104  10:14  Factory  
  104  10:16  Infernal Pre-Igniter, Siege Tank, SCV  
  104  10:17  Factory, SCV  
  104  10:18  SCV  
  110  10:23  Armory  
  110  10:27  Armory  
  110  10:28  SCV  
  111  10:29  SCV  
  111  10:30  Hellion, SCV  
  111  10:31  Hellion  
  111  10:33  Supply Depot  
  117  10:36  Supply Depot  
  117  10:40  SCV  
  117  10:41  SCV  
  119  10:42  SCV  
  120  10:53  Hellion, Siege Tank  
  120  10:55  Hellion, Siege Tank  
  120  10:56  Supply Depot  
  128  11:17  Viking x2  
  128  11:18  Factory Reactor  
  128  11:19  Factory Tech Lab  
  128  11:20  Hellion x2  
  128  11:25  Thor  
  138  11:30  Terran Vehicle Weapons Level 1, Siege Tank  
  138  11:31  Terran Vehicle And Ship Armor Level 1  
  138  11:32  Supply Depot  
  141  11:40  Command Center  
  141  11:45  Sensor Tower  
  141  11:46  Missile Turret  
  124  12:03  Siege Tank x2  
  124  12:04  Hellbat x3  
  124  12:05  Hellbat  
  124  12:08  Siege Tank  
  139  12:19  Supply Depot  
  139  12:26  Hellbat x4  
  147  12:35  Siege Tank x2  
  147  12:36  Viking x2  
  157  12:41  Siege Tank  
  157  12:43  Supply Depot  
  160  12:47  Hellbat x2  
  164  12:52  Hellbat  
  164  12:54  Command Center  
  166  13:03  Sensor Tower  
  166  13:06  Refinery  
  166  13:07  Siege Tank  
  166  13:09  Missile Turret x2  
  166  13:10  Refinery, Missile Turret  
  166  13:11  Hellbat  
Show
View Real Time Build Order
Export as new Build Order

AVV Terran 

Build Orders: 1/1/1, Cyclone Opening 

Get SALT Encoding   

  12  0:01  SCV  
  13  0:13  SCV  
  14  0:17  Supply Depot  
  14  0:25  SCV  
  14  0:27  Refinery  
  15  0:38  SCV  
  16  0:46  Barracks  
  16  0:50  SCV  
  17  0:57  Refinery  
  17  1:02  SCV  
  18  1:14  SCV  
  20  1:35  Reaper  
  20  1:36  Orbital Command  
  20  1:40  Factory  
  20  1:52  Supply Depot  
  20  2:02  SCV  
  20  2:07  Reaper  
  22  2:14  SCV  
  23  2:26  Cyclone, Starport, SCV  
  27  2:37  Supply Depot  
  27  2:38  SCV  
  28  2:46  Barracks Reactor  
  28  2:50  SCV  
  29  2:58  Factory Tech Lab  
  29  3:03  SCV, Supply Depot  
  30  3:15  SCV  
  30  3:24  Marine x2, Viking, Siege Tank  
  36  3:27  SCV  
  36  3:32  Supply Depot  
  37  3:39  SCV  
  38  3:42  Marine x2  
  40  3:53  SCV  
  41  3:56  Siege Tank  
  41  3:59  Marine, Viking  
  41  4:00  Marine  
  48  4:16  Supply Depot  
  48  4:21  Marine x2  
  50  4:28  Siege Tank  
  53  4:34  SCV  
  53  4:37  Viking  
  56  4:43  Supply Depot  
  56  4:51  Marine  
  56  4:52  Marine  
  57  5:09  Marine x2  
  57  5:13  SCV  
  47  5:23  Siege Tank  
  47  5:27  Marine x2, Viking  
  54  5:30  SCV  
  49  5:46  Marine  
  40  5:57  Marine  
  40  5:59  SCV  
  40  6:07  Marine  
  40  6:08  Starport Tech Lab, Siege Tank  
  40  6:10  Command Center  
  44  6:18  Marine  
  45  6:32  Banshee, Cloaking Field  
  48  6:41  Marine x2  
  48  6:42  Siege Tank  
  53  7:01  SCV  
  53  7:03  Marine x2  
  56  7:20  Banshee  
  59  7:25  Orbital Command, SCV  
  60  7:33  Marine x2  
  60  7:34  Siege Tank  
  65  7:39  SCV  
  66  7:50  Barracks  
  66  7:51  SCV, Marine, Barracks  
  68  8:04  Marine  
  68  8:05  Banshee, SCV  
  56  8:17  Siege Tank, Marine  
  56  8:18  SCV  
  52  8:22  Marine  
  55  8:34  Marine, SCV x2  
  55  8:37  Refinery  
  55  8:40  Marine  
  54  8:43  Barracks Tech Lab x2  
  54  8:46  SCV  
  54  8:47  Supply Depot  
  55  8:51  Refinery  
  55  8:52  Marine  
  55  8:54  Siege Tank  
  55  8:55  SCV  
  60  8:56  Starport Reactor  
  60  8:58  Marine  
  61  9:07  Marine x2  
  61  9:08  Stimpack  
  63  9:10  Combat Shields, Marine  
  63  9:15  Marine  
  65  9:20  SCV  
  66  9:24  Marine x2  
  66  9:28  Marine  
  66  9:29  Siege Tank  
  72  9:33  Marine  
  73  9:42  Marine  
  73  9:43  Marine  
  73  9:45  Medivac x2  
  77  9:46  Marine  
  77  9:51  Marine  
  81  10:03  Marine, Siege Tank  
  81  10:05  Marauder x2  
  89  10:07  Orbital Command  
  89  10:12  Barracks  
  89  10:13  Barracks  
  89  10:14  Marine, Supply Depot  
  90  10:21  Marine  
  90  10:22  Refinery  
  90  10:24  Medivac  
  93  10:35  Marine, Medivac  
  97  10:36  Marauder  
  97  10:39  SCV  
  99  10:44  Marine  
  99  10:45  Marauder  
  102  10:56  Supply Depot  
  102  10:59  Supply Depot x2  
  102  11:01  Barracks Reactor  
  102  11:10  Marine  
  95  11:23  Marauder x2  
  99  11:31  Marine x2, Marauder  
  99  11:32  Siege Tank  
  106  11:40  Supply Depot  
  106  11:44  Marine  
  106  11:45  Marauder  
  109  11:54  Marine x2  
  97  11:57  Marine x2  
  97  11:58  Marauder  
  75  12:02  Marine  
  75  12:06  Marauder  
  76  12:10  Siege Tank, Medivac x2  
  76  12:13  SCV x2  
  85  12:16  Engineering Bay  
  85  12:17  Engineering Bay  
  85  12:19  Marauder  
  87  12:25  SCV  
  87  12:27  Marine x3  
  87  12:28  Concussive Shells, Marauder  
  93  12:39  SCV x2  
  95  12:51  Medivac x2  
  99  13:01  SCV  
  99  13:02  Refinery  
  99  13:03  SCV  
  101  13:08  Command Center  
  101  13:12  Marine  
  101  13:17  Marine x3, Marauder  
Tags
 
Add a new tag
Caveats
  • Supply blocks, unpowered buildings, or Contaminate may cause inaccurate times.
  • Supply counts are checked every 10 seconds.